 Dungeon Crawl Stone Soup version 0.30-a0-170-g85af917532 (webtiles) character file.

Game seed: 7642974528228657817

828 qw the Chopper (level 7, -1/44 HPs)
             Began as a Gargoyle Fighter on Sept 30, 2022.
             Slain by a two-headed ogre
             ... wielding a +0 dire flail
              (11 damage)
             ... on level 5 of the Dungeon.
             The game lasted 00:01:50 (5475 turns).

qw the Chopper (Gargoyle Fighter)                   Turns: 5475, Time: 00:01:51

Health: -1/44      AC: 13    Str: 22    XL:     7   Next: 97%
Magic:  7/7        EV:  7    Int:  8    God:
Gold:   190        SH:  4    Dex:  9    Spells: 6/6 levels left

rFire   . . .      SeeInvis .    Y - +1 war axe
rCold   . . .      Faith    .    c - +0 buckler
rNeg    + . .      Spirit   .    h - +0 chain mail
rPois   inf        Reflect  .    (no helmet)
rElec   +          Harm     .    (no cloak)
rCorr   .          Rampage  .    (no gloves)
Will    .....      Clarity  +    (no boots)
Stlth   ..........               e - amulet of the acrobat
HPRegen 0.14/turn                (no ring)
MPRegen 0.10/turn                (no ring)

@: about to teleport
A: sickness immunity, AC +4, negative energy resistance 1, electricity
resistance, torment resistance 1, petrification resistance, clarity
a: no special abilities


You were on level 5 of the Dungeon.
You visited 1 branch of the dungeon, and saw 5 of its levels.

You collected 190 gold pieces.


Innate Abilities, Weirdness & Mutations

You are immune to sickness and miasma.
Your stone body is resilient. (AC +4)
You are immune to poison.
You resist negative energy. (rN+)
You are resistant to electric shocks. (rElec)
You are resistant to unholy torment.
You are immune to petrification.
You possess an exceptional clarity of mind.


   Skills:
 - Level 5.1 Fighting
 + Level 7.0 Axes
 - Level 3.2 Armour
 - Level 1.5 Dodging
 - Level 3.2 Shields


You had 6 spell levels left.
You didn't know any spells.
Your spell library was empty.

Inventory:

Hand Weapons
 i - a +0 flail
 Y - a +1 war axe (weapon)
Armour
 c - a +0 buckler (worn)
 h - a +0 chain mail (worn)
Jewellery
 e - an amulet of the acrobat (around neck)
Scrolls
 j - a scroll of identify
Potions
 a - a potion of brilliance {unknown}
 b - a potion of invisibility {unknown}
 d - a potion of might
 f - 4 potions of mutation
 k - a potion of cancellation
 l - a potion of resistance
 m - 3 potions of curing
 n - a potion of haste {unknown}

Dungeon Overview and Level Annotations

Branches:
Dungeon (5/15)
 Temple: D:4-7

Altars:
Trog
Vehumet
Wu Jian
Yredelemnul

Annotations:
D:3 3 runed translucent doors, qw's ghost, amateur GrFi


Message History

The jelly hits you but does no damage.
You slash the jelly!
You kill the jelly!
Your Fighting skill increases to level 5!
An ufetubus comes into view.
The ufetubus shouts!
Enter note: You miss the ufetubus.
The ufetubus barely misses you. x2
You closely miss the ufetubus.
The ufetubus hits you but does no damage.
The ufetubus closely misses you.
The ufetubus hits you but does no damage.
The ufetubus hits you.
You hit the ufetubus.
The ufetubus is almost dead.
The ufetubus closely misses you. You block the ufetubus's attack. x2
The ufetubus completely misses you.
You slash the ufetubus!
You kill the ufetubus!
m - 3 potions of curing (gained 1)
Found an escape hatch in the ceiling.
Enter note: A two-headed ogre comes into view.
It is wielding a +0 dire flail and a +0 giant club.
The two-headed ogre shouts in stereo!
You hit the two-headed ogre but do no damage.
You block the two-headed ogre's attack.
The two-headed ogre hits you with a +0 giant club!!
Ouch! That really hurt!
You slash the two-headed ogre!
The two-headed ogre is lightly wounded.
The two-headed ogre hits you with a +0 dire flail!
You block the two-headed ogre's attack.
5474 ||| READING scroll of teleportation.
As you read the scroll of teleportation, it crumbles to dust.
You feel strangely unstable.
You slash the two-headed ogre!
The two-headed ogre is moderately wounded.
The two-headed ogre hits you with a +0 dire flail!
You die...

#....
#...........#
#<...
#.........###
#....###......###
. #.....##....###
..#.....#..####
........#..#
..........##
..........#
.......@.##
.......O.#
........##
..#.....# .
##..... ##.##. ..
# #..


You could see a two-headed ogre.

Vanquished Creatures
  Menkaure (D:4)
  A black bear (D:3)
  An ogre (D:4)
  3 wights (D:4)
  A hound (D:4)
  A jelly (D:5)
  An orc priest (D:5)
  2 orc wizards
  3 gnolls (D:4)
  8 adders
  An ufetubus (D:5)
  4 worms
  2 dart slugs
  8 orcs
  9 bats
  9 endoplasms
  4 giant cockroaches
  10 goblins
  5 hobgoblins
  9 jackals
  7 kobolds
  9 quokkas
  7 ball pythons
  2 frilled lizards (D:1)
  4 rats
112 creatures vanquished.

Notes
Turn   | Place    | Note
-------+----------+-------------------------------------------
     0 | D:1      | qw the Gargoyle Fighter began the quest for the Orb.
     0 | D:1      | Reached XP level 1. HP: 14/14 MP: 1/1
     0 | D:1      | 0 ||| qw: Version: 0.2-a-12-gaebbb33
     0 | D:1      | 0 ||| qw: Game counter: 1603
     0 | D:1      | 0 ||| qw: Always use a shield: true
     0 | D:1      | 0 ||| qw: God list: Okawaru
     0 | D:1      | 0 ||| qw: Allow faded altars: false
     0 | D:1      | 0 ||| qw: Do Orc after D:15 true
     0 | D:1      | 0 ||| qw: Do second Lair branch before Depths: true
     0 | D:1      | 0 ||| qw: Lair rune preference: random
     0 | D:1      | 0 ||| qw: Plans: Normal, Zot:1-4, God:TSO, Crypt, Tomb,
                  | Pan, Slime:5, Hells, Abyss, Orb
     0 | D:1      | 0 ||| PLANNING D:1-11
    26 | D:1      | Reached skill level 2 in Axes
   330 | D:1      | Reached XP level 2. HP: 19/19 MP: 2/2
   462 | D:1      | 462 ||| Stepping ~*~*~tactically~*~*~ (hiding).
   598 | D:1      | Reached skill level 3 in Axes
   749 | D:1      | Reached XP level 3. HP: 23/23 MP: 3/3
  1141 | D:1      | Found a faded altar of an unknown god.
  1371 | D:1      | 1371 ||| UPGRADING to amulet of the acrobat.
  1376 | D:1      | 1376 ||| READING scroll labelled HOFINI KUAKK.
  1377 | D:1      | 1377 ||| READING 2 scrolls labelled OSOEFOSM PUTOS.
  1378 | D:1      | 1378 ||| READING scroll labelled PUCEROGERU.
  1379 | D:1      | 1379 ||| DRINKING 2 bubbling amethyst potions.
  1420 | D:2      | 1420 ||| STAIRDANCE
  1429 | D:2      | 1429 ||| STAIRDANCE
  1697 | D:2      | 1697 ||| Stepping ~*~*~tactically~*~*~ (stealth).
  1757 | D:2      | Reached XP level 4. HP: 28/28 MP: 4/4
  1834 | D:2      | Reached skill level 4 in Axes
  1857 | D:2      | 1857 ||| Stepping ~*~*~tactically~*~*~ (stealth).
  1870 | D:2      | 1870 ||| Stepping ~*~*~tactically~*~*~ (stealth).
  1871 | D:2      | 1871 ||| Stepping ~*~*~tactically~*~*~ (stealth).
  1876 | D:2      | 1876 ||| Stepping ~*~*~tactically~*~*~ (stealth).
  1878 | D:2      | 1878 ||| Stepping ~*~*~tactically~*~*~ (hiding).
  1879 | D:2      | 1879 ||| Stepping ~*~*~tactically~*~*~ (hiding).
  1881 | D:2      | 1881 ||| Stepping ~*~*~tactically~*~*~ (hiding).
  2245 | D:2      | 2245 ||| DROPPING +0 club.
  2390 | D:2      | 2390 ||| READING scroll labelled YCWOMN TOTY.
  2391 | D:2      | 2391 ||| READING scroll labelled KEATUM CUSIMAT.
  2392 | D:2      | 2392 ||| DRINKING 5 cyan potions.
  2392 | D:2      | Gained mutation: You possess an exceptional clarity of
                  | mind. [potion of mutation]
  2393 | D:2      | 2393 ||| DRINKING 3 blue potions.
  2394 | D:2      | 2394 ||| DRINKING 2 black potions.
  2495 | D:2      | 2495 ||| DRINKING 2 yellow potions.
  2496 | D:2      | 2496 ||| READING 2 scrolls of identify.
  2496 | D:2      | 2496 ||| IDENTIFYING amethyst potion
  2497 | D:2      | 2497 ||| DROPPING potion of ambrosia.
  2621 | D:3      | Reached XP level 5. HP: 27/32 MP: 5/5
  2677 | D:3      | Found a radiant altar of Vehumet.
  2768 | D:3      | 2768 ||| DROPPING +0 mace.
  2784 | D:3      | 2784 ||| Stepping ~*~*~tactically~*~*~ (stealth).
  2799 | D:3      | 2799 ||| Stepping ~*~*~tactically~*~*~ (hiding).
  2963 | D:3      | Found a basalt altar of Yredelemnul.
  2963 | D:3      | Found a bloodstained altar of Trog.
  2987 | D:3      | Reached skill level 5 in Axes
  3118 | D:3      | Noticed a black bear
  3128 | D:3      | Killed a black bear
  3129 | D:3      | Reached XP level 6. HP: 38/39 MP: 6/6
  3133 | D:3      | Found a runed translucent gate.
  3133 | D:3      | Found a runed translucent gate.
  3133 | D:3      | Found a runed translucent gate.
  3137 | D:3      | Noticed qw's ghost (amateur GrFi)
  3140 | D:3      | Identified the +2 short sword "Goblin's Funeral" {freeze,
                  | Str+3}
  3140 | D:3      | Identified the +2 chain mail of Elitism {Str+8}
  3350 | D:3      | Found an ornate altar of the Wu Jian Council.
  3617 | D:3      | 3617 ||| UPGRADING to +0 chain mail.
  3627 | D:3      | 3627 ||| DROPPING +0 scale mail.
  3628 | D:3      | 3628 ||| DROPPING amulet of faith.
  3629 | D:3      | 3629 ||| READING scroll labelled HOFRUG JYISCH.
  3731 | D:4      | 3731 ||| Stepping ~*~*~tactically~*~*~ (stealth).
  3863 | D:4      | Noticed Menkaure
  3864 | D:4      | 3864 ||| Stepping ~*~*~tactically~*~*~ (hiding).
  3868 | D:4      | Killed Menkaure
  3993 | D:4      | 3993 ||| Stepping ~*~*~tactically~*~*~ (stealth).
  3994 | D:4      | 3994 ||| Stepping ~*~*~tactically~*~*~ (stealth).
  4005 | D:4      | 4005 ||| Stepping ~*~*~tactically~*~*~ (stealth).
  4082 | D:4      | 4082 ||| Stepping ~*~*~tactically~*~*~ (hiding).
  4088 | D:4      | 4088 ||| Stepping ~*~*~tactically~*~*~ (stealth).
  4104 | D:4      | Reached XP level 7. HP: 31/44 MP: 7/7
  4108 | D:4      | Reached skill level 6 in Axes
  4267 | D:4      | 4267 ||| Stepping ~*~*~tactically~*~*~ (stealth).
  4273 | D:4      | 4273 ||| FLEEEEING.
  4279 | D:4      | HP: 10/44 [wight/+0 falchion (5)]
  4280 | D:4      | 4280 ||| DRINKING 2 potions of heal wounds.
  4285 | D:4      | Reached skill level 1 in Dodging
  4293 | D:4      | HP: 8/44 [wight/+0 halberd (4)]
  4294 | D:4      | 4294 ||| DRINKING potion of heal wounds.
  4298 | D:4      | HP: 5/44 [wight/+0 halberd (7)]
  4299 | D:4      | HP: 2/44 [wight/+0 halberd (3)]
  4835 | D:4      | 4835 ||| DROPPING +6 ring of intelligence.
  4836 | D:4      | 4836 ||| READING scroll labelled SIEWKEA QOAWNOSK.
  4837 | D:4      | 4837 ||| READING scroll labelled DOGUUFE FASYF.
  4854 | D:5      | Entered Level 5 of the Dungeon
  4861 | D:5      | 4861 ||| STAIRDANCE
  5090 | D:5      | 5090 ||| STAIRDANCE
  5143 | D:5      | 5143 ||| Stepping ~*~*~tactically~*~*~ (hiding).
  5144 | D:5      | 5144 ||| Stepping ~*~*~tactically~*~*~ (hiding).
  5155 | D:5      | 5155 ||| Stepping ~*~*~tactically~*~*~ (hiding).
  5162 | D:5      | Reached skill level 7 in Axes
  5176 | D:5      | 5176 ||| FLEEEEING.
  5177 | D:5      | 5177 ||| FLEEEEING.
  5179 | D:5      | 5179 ||| STAIRDANCE
  5468 | D:5      | Noticed a two-headed ogre
  5473 | D:5      | HP: 10/44 [two-headed ogre/+0 dire flail (10)]
  5474 | D:5      | 5474 ||| READING scroll of teleportation.
  5475 | D:5      | Slain by a two-headed ogre

Levels and vault maps discovered:
D:1:      lightli_arrival_isolated_outpost, layout_basic,
          shapermc_ecumenical_altar_venn
D:2:      layout_loops_ring, minmay_hexomino_p4
D:3:      layout_rooms, mainiacjoe_overflow_alcove_2,
          mainiacjoe_overflow_alcove_4, gammafunk_temple_overflow_wave,
          serial_curves, eino_curves_01, eino_curves_03, eino_curves_02,
          biasface_ghost_orc_armoury
D:4:      layout_basic, uniq_menkaure
D:5:      layout_cave_pods, minmay_misc_feat_room

Skill      XL: |  1  2  3  4  5  6  7 |
---------------+----------------------+-----
Axes           | 2 3 4 5 7 |  7.0
Fighting       | 4 5 |  5.1
Dodging        | 1 |  1.5
Armour         | |  3.2
Shields        | |  3.2

Action                   |  1- 3 |  4- 6 |  7- 9 || total
-------------------------+-------+-------+-------++-------
Melee: War axe           |   110 |   158 |    93 ||   361
  Use: Scroll            |     3 |     4 |     3 ||    10
       Potion            |     1 |     4 |     2 ||     7
Armor: Scale mail        |    65 |    51 |       ||   116
       Chain mail        |       |    25 |    53 ||    78
Dodge: Dodged            |    64 |    55 |    34 ||   153
Block: Buckler           |    11 |    24 |    15 ||    50

Table legend:
 A = Non-vault XP
 B = Vault XP
 C = Vault XP percentage of total XP
 D = Non-vault monster count
 E = Vault monster count
 F = Vault count percentage of total count
                 A         B        C        D         E       F
            +---------+---------+-------+---------+---------+-------
      Total |     987 |     196 |  16.6 |     107 |       5 |   4.5
            +---------+---------+-------+---------+---------+-------
        D:1 |      51 |       0 |   0.0 |      27 |       0 |   0.0
        D:2 |      69 |      24 |  25.8 |      22 |       4 |  15.4
        D:3 |     238 |       0 |   0.0 |      21 |       0 |   0.0
        D:4 |     500 |     172 |  25.6 |      32 |       1 |   3.0
        D:5 |     129 |       0 |   0.0 |       5 |       0 |   0.0
            +---------+---------+-------+---------+---------+-------
